Cogmind - Beta 15 *** ADVENTURER MODE // 2025.05.12 @ 15:48:28 Player: birb Result: Destroyed by as-89563 with Assembled Heavy Rifle Performance ------------- Evolutions (0) 0 Regions Visited (2) 400 Robots Destroyed (4) 20 Value Destroyed (109) 109 Prototype IDs (0) 0 Alien Tech Used (0) 0 Bonus (0) 0 TOTAL SCORE: 529 Bonus ------- None Cogmind --------- Core Integrity 0/250 Matter 260/300 Energy 100/100 System Corruption 8% Temperature Cool (22) Movement Rolling (100) Location -10/Mines Parts ------- > --- POWER (1) -------- (None) > --- PROPULSION (2) --- Compact Wheel > --- UTILITY (2) ------ Small Storage Unit > --- WEAPON (2) ------- Medium Laser > --- INVENTORY (8) ---- Ion Engine Light Assault Rifle Heavy Assault Rifle Mining Laser Peak State ------------ > --- POWER ------------ Improved Ion Engine > --- PROPULSION ------- Compact Wheel Compact Wheel > --- UTILITY ---------- Small Storage Unit Signal Interpreter > --- WEAPON ----------- Medium Laser Grenade Launcher > --- INVENTORY -------- Ion Engine Light Assault Rifle Mining Laser [Rating: 8] Favorites ----------- Power Ion Engine Engine Ion Engine Propulsion Compact Wheel Wheel Compact Wheel Utility Signal Interpreter Storage Small Storage Unit Processor Signal Interpreter Weapon Medium Laser Energy Gun Medium Laser Ballistic Gun Light Assault Rifle Launcher Grenade Launcher Build | -11 -10 -10 ------- Run | Yrd Mat Min Slots Evolved . | . . . Power . | . . . Propulsion . | . . . Utility . | . . . Weapon . | . . . Parts Attached 9 | 5 2 2 Power 2 | 1 . 1 Engine 2 | 1 . 1 Core . | . . . Reactor . | . . . Propulsion 2 | 2 . . Treads . | . . . Leg . | . . . Wheel 2 | 2 . . Hover . | . . . Flight . | . . . Utility 2 | . 2 . Device . | . . . Storage 1 | . 1 . Processor 1 | . 1 . Hackware . | . . . Protection . | . . . Artifact . | . . . Weapon 3 | 2 . 1 Energy Gun 1 | 1 . . Energy Cannon . | . . . Ballistic Gun 1 | 1 . . Ballistic Cannon . | . . . Launcher 1 | . . 1 Special Weapon . | . . . Impact Weapon . | . . . Slashing Weapon . | . . . Piercing Weapon . | . . . Special Melee Weapon . | . . . Unidentified Prototypes . | . . . Parts Lost 4 | . . 4 Power 1 | . . 1 Propulsion 1 | . . 1 Utility 1 | . . 1 Weapon 1 | . . 1 Highest Loss Streak 4 | . . 4 To Critical Strikes . | . . . Average Backups 1 | . . 2 Power . | . . . Propulsion . | . . . Utility . | . . . Weapon 1 | . . 2 Tool/Special . | . . . Unused Backups 2 | . . 2 Power . | . . . Propulsion . | . . . Utility . | . . . Weapon 2 | . . 2 Tool/Special . | . . . Average Slot Usage (%) 92 | . 79 100 Engine 14 | . 14 14 Wheel 28 | . 28 28 Storage 9 | . 2 14 Processor 11 | . 6 14 Energy Gun 14 | . 14 14 Ballistic Gun 5 | . 14 . Launcher 8 | . . 14 Peak Build Rating 8 | 5 7 8 Average Rating 6 | 3 5 7 On Entrance 4 | . 5 7 Naked Turns . | . . . Heaviest Build 17 | 8 13 17 Greatest Support 32 | 32 32 32 Greatest Overweight (x) . | . . . Average Overweight (x) . | . . . Largest Inventory Capacity 8 | 5 8 8 Average Capacity 6 | 5 5 8 Most Carried 4 | . 2 4 Average Carried 1 | . . 2 Final Capacity 8 | 5 8 8 Final Carried 4 | . 2 4 Class Distribution -------------------- 100% | Mutant Dominant Class ---------------- Mutant | -10/Materials Mutant | -10/Mines Resources | -11 -10 -10 ----------- Run | Yrd Mat Min Matter Collected 315 | 220 45 50 Remotely . | . . . Salvage Created 198 | . 84 114 Parts 10 | . 6 4 Haulers Intercepted 1 | . 1 . Recyclers Shooed . | . . . Parts Field Recycled . | . . . Retrieved Matter . | . . . Parts Self-Destructed . | . . . Prevented . | . . . Kills | -11 -10 -10 ------- Run | Yrd Mat Min Combat Hostiles Destroyed 8 | . . 8 Guns 1 | . . 1 AOE 7 | . . 7 Classes Destroyed 4 | . 2 2 Hauler 1 | . 1 . Watcher 1 | . 1 . Grunt 2 | . . 2 Assembled 6 | . . 6 Best Kill Streak 6 | . 1 6 Combat Bots Only 6 | . . 6 Max Kills in Single Turn 2 | . 1 2 Gunslinging . | . . . Exploded 2 | . . 2 Melee . | . . . Uniques/NPCs Destroyed . | . . . Combat | -11 -10 -10 -------- Run | Yrd Mat Min Hostile Shots Fired 30 | . 1 29 Missed 9 | . . 9 Hits 21 | . 1 20 Melee 4 | . . 4 Projectile 17 | . 1 16 Part Disruptions 1 | . . 1 Damage Taken 674 | . 12 662 Core 259 | . . 259 Absorbed by Shields . | . . . Ignored by Resistances 96 | . 3 93 Core Remaining (%) 100 | 100 . . Volleys Fired 13 | . 5 8 Largest 2 | . 2 2 Hottest 80 | . 70 80 Shots Fired 25 | . 10 15 Gun 17 | . 10 7 Cannon . | . . . Launcher 8 | . . 8 Special . | . . . Kinetic 5 | . 5 . Thermal 12 | . 5 7 Explosive 8 | . . 8 Electromagnetic . | . . . Robot Hit Streak 3 | . 3 3 Robot Miss Streak 6 | . 6 1 Penetration Max . | . . . Secondary Targets . | . . . Shots Hit Robots 11 | . 3 8 Core Hits 25 | . 3 22 Critical Kills . | . . . Critical Parts Destroyed . | . . . Critical Strikes . | . . . Melee Attacks . | . . . Impact . | . . . Slashing . | . . . Piercing . | . . . Sneak Attacks . | . . . Combat Hostiles . | . . . Follow-up Attacks . | . . . Damage Inflicted 514 | . 31 483 Guns 69 | . 31 38 Cannons . | . . . Explosions 445 | . . 445 Melee . | . . . Ramming . | . . . Kinetic 6 | . 6 . Thermal 63 | . 25 38 Explosive 445 | . . 445 Electromagnetic . | . . . Impact . | . . . Slashing . | . . . Piercing . | . . . Highest Corruption 8 | . . 8 Average Corruption 6 | . . 6 Corruption Purged . | . . . Corruption Blocked . | . . . Effects 1 | . . 1 Weapon Failures 1 | . . 1 Overload Shots . | . . . Overflow Damage . | . . . Projectiles . | . . . Explosions . | . . . Melee . | . . . Knockbacks . | . . . Impact . | . . . Kinetic . | . . . Secondary . | . . . Self-Inflicted Damage 73 | . . 73 Shots 4 | . . 4 Rammed . | . . . Targets Rammed . | . . . Kicked . | . . . Crushed . | . . . Highest Temperature 45 | . 40 45 Average Temperature 21 | . 20 22 Received Heat Transfer 84 | . 9 75 Siege Activations . | . . . Martial Activations . | . . . Shielding Activations . | . . . Robots Disrupted . | . . . Combat Hostiles . | . . . Robots Corrupted . | . . . Combat Hostiles . | . . . Parts Fried . | . . . Impact Corruptions . | . . . Robots Melted . | . . . Combat Hostiles . | . . . Parts Melted . | . . . Heat Transferred 185 | . 74 111 Parts Sabotaged . | . . . Parts Stolen . | . . . Parts Stripped . | . . . Power Chain Reactions . | . . . Alert | -11 -10 -10 ------- Run | Yrd Mat Min Maximum Alert Level . | . . . Low Security (%) 100 | 100 100 100 Level 1 . | . . . Level 2 . | . . . Level 3 . | . . . Level 4 . | . . . Level 5 . | . . . High Security . | . . . Max Security . | . . . Peak Influence 65 | . 30 65 Initial 6 | . . 6 Average 9 | . 4 13 Influence Increases 139 | . 44 95 Destroy 0b10 Robot/C 40 | . . 40 Destroy 0b10 Robot/NC 10 | . 10 . Destroy Leader 14 | . 4 10 Disable Machine 9 | . . 9 Destroy Structure 36 | . . 36 Lose Combat Pursuer 30 | . 30 . Influence Decreases 139 | . 24 115 Entered New Map 14 | . . 14 Time Decay 103 | . 24 79 Lost Part 22 | . . 22 Squads Dispatched . | . . . Investigation . | . . . Extermination . | . . . Reinforcement . | . . . Assault . | . . . Garrison . | . . . Intercept . | . . . Searches Triggered . | . . . Construction Impeded . | . . . Haulers Reinforced . | . . . Active Scanning Responses . | . . . Cargo Convoy Interrupts . | . . . Stealth | -11 -10 -10 --------- Run | Yrd Mat Min Distress Signals . | . . . Communications Jammed . | . . . Distress Signals . | . . . Times Spotted 20 | . 4 16 Peak Tracking Total 12 | . 2 12 Tactical Retreats 1 | . 1 . Traps | -11 -10 -10 ------- Run | Yrd Mat Min Traps Triggered . | . . . Indirectly . | . . . Trap Hack Attempts . | . . . Triggered . | . . . Disarmed . | . . . Reprogrammed . | . . . Reused . | . . . Traps Extracted . | . . . Installed . | . . . Triggered . | . . . Machines | -11 -10 -10 ---------- Run | Yrd Mat Min Machines Disabled 1 | . . 1 Max in Single Turn 1 | . . 1 Machines Repaired . | . . . Machines Dismantled . | . . . Machines Sabotaged . | . . . Overloaded Fab Kills . | . . . Hacking | -11 -10 -10 --------- Run | Yrd Mat Min Machines Accessed . | . . . Terminals . | . . . Fabricators . | . . . Repair Stations . | . . . Recycling Units . | . . . Scanalyzers . | . . . Garrison Access . | . . . Total Hacks . | . . . Successful . | . . . Failed . | . . . Catastrophic . | . . . Database Lockouts . | . . . Manual . | . . . Terminals . | . . . Fabricators . | . . . Repair Stations . | . . . Recycling Units . | . . . Scanalyzers . | . . . Garrison Access . | . . . Terminal Hacks . | . . . Fabricator Hacks . | . . . Repair Station Hacks . | . . . Recycling Unit Hacks . | . . . Scanalyzer . | . . . Garrison Access Hacks . | . . . Unauthorized Hacks . | . . . Terminals . | . . . Fabricators . | . . . Repair Stations . | . . . Recycling Units . | . . . Scanalyzers . | . . . Garrison Access . | . . . Data Cores Recovered . | . . . Used . | . . . Hacking Detections . | . . . Full Trace Events . | . . . Feedback Events . | . . . Feedback Blocked . | . . . Robot Schematics Acquired . | . . . Robots Built . | . . . Authchips . | . . . Time . | . . . Total Robot Build Rating . | . . . Part Schematics Acquired . | . . . Parts Built . | . . . Authchips . | . . . Time . | . . . Total Part Build Rating . | . . . Parts Repaired . | . . . Time . | . . . Parts Recycled . | . . . Recycled Matter . | . . . Retrieved Matter . | . . . Retrieved Components . | . . . Parts Scanalyzed . | . . . Part Schematics Acquired . | . . . Parts Damaged . | . . . Bothacking | -11 -10 -10 ------------ Run | Yrd Mat Min Used RIF Installer . | . . . Robots Hacked . | . . . Non-combat . | . . . Combat . | . . . Robot Hacks Applied . | . . . Relay Couplers Released . | . . . Fabnet Peak Effective % . | . . . Robots Rewired . | . . . Allies Hacked . | . . . Hacks Repelled . | . . . Allies | -11 -10 -10 -------- Run | Yrd Mat Min Total Allies . | . . . Largest Group . | . . . Highest-Rated Group . | . . . Highest-Rated Ally . | . . . Total Orders . | . . . Ally Attacks . | . . . Total Damage . | . . . Kills . | . . . Allies Corrupted . | . . . Allies Melted . | . . . Intel | -11 -10 -10 ------- Run | Yrd Mat Min Active Infowar (turns) . | . . . Robot Analysis Total . | . . . Derelict Logs Recovered 2 | . . 2 Drone Launches . | . . . Drone Recoveries . | . . . Exploration | -11 -10 -10 ------------- Run | Yrd Mat Min Turns Passed 598 | 37 195 366 Spaces Moved 479 | 32 177 270 Core 4 | 4 . . Treads . | . . . Legs . | . . . Wheels 475 | 28 177 270 Hover . | . . . Flight . | . . . Fastest Speed 50 | 50 100 100 Average Speed 99 | 93 100 100 Slowest Speed 100 | 100 100 100 Overloaded Moves . | . . . Propulsion Burnouts . | . . . Robots Hopped . | . . . Potential Cave-ins . | . . . Cave-ins Triggered 1 | . . 1 Exploration Rate (%) 30 | 4 22 66 Regions Visited 2 Branch Regions 1 Pre-discovered Areas 1 | . . 1 Known Exits Taken 1 | . 1 . Unknown Exits Taken 1 | 1 . . Scrap Searched 1 | . . 1 Spaces Dug . | . . . Terrain Destroyed 41 | . . 41 Melee . | . . . Projectile . | . . . AOE 41 | . . 41 Terrain Rammed . | . . . Walls Destroyed . | . . . Machines Disabled . | . . . Actions | -11 -10 -10 --------- Run | Yrd Mat Min Total 570 | 36 185 349 Wait 68 | . . 68 Move 477 | 31 176 270 Hop . | . . . Pick Up 3 | . 2 1 Fast Attach 7 | 5 2 . Attach . | . . . Detach . | . . . Swap 2 | . . 2 Drop . | . . . Fire 13 | . 5 8 Melee . | . . . Ram . | . . . Kick . | . . . Crush . | . . . Escape Stasis . | . . . Rewire . | . . . Trap . | . . . Miscellaneous . | . . . Route ------- -11/Scrapyard -10/Materials -10/Mines (discovered 2 exits: *Mat x2) History --------- Turn | Location | Event 12 | -11/Scrapyard | Discovered new exit (range 16) 38 | -11/Scrapyard | Entered Materials 222 | -10/Materials | Discovered new exit (range 5) 226 | -10/Materials | Identified exit to Mines 233 | -10/Materials | Entered Mines 255 | -10/Mines | Met a Derelict bent on vengeance 311 | -10/Mines | Build established: Mutant 311 | -10/Mines | Discovered new exit (range 12) 321 | -10/Mines | Identified exit to Materials 436 | -10/Mines | Discovered exit to Materials (range 16) 455 | -10/Mines | Joined a pair of Derelicts in attacking an 0b10 outpost 542 | -10/Mines | Assembled infested the area 593 | -10/Mines | Crushed by falling debris 593 | -10/Mines | Core integrity fell below 50% 593 | -10/Mines | Core integrity fell below 20% 599 | -10/Mines | Destroyed by as-89563 with Assembled Heavy Rifle Last Messages --------------- World map updated: -8/Materials. 00542_ ALERT: Infestation in the mines, dispatching Demolisher response squad. 00567_ as-20591 destroyed. 00585_ as-87263 destroyed. 00592_ as-05049 destroyed. 00592_ as-70835 destroyed. 00593_ The unstable cave ceiling collapses. 00593_ Crushed by falling debris. 00593_ Imp. Ion Engine destroyed. 00593_ System corrupted by crushing effect (+2). 00593_ Com. Wheel destroyed. 00593_ System corrupted by crushing effect (+4). 00593_ The unstable cave ceiling collapses. 00595_ System corrupted: Med. Laser failed to cycle. 00595_ as-14820 destroyed. 00598_ Grenade Launcher destroyed. 00598_ Signal Interpreter destroyed. 00598_ System corrupted by crushing effect (+2). Map ----- +----------------------------------------------------+ | ?????#![= ]!#???????????????????????????? | | ?????##! []##?###???????????????????????? | | ?????###//#### ##??????????????????????? | | ????## # ##?????????????????????? | | ##### ##????????????????????? | | ### #????????????????????? | | < ##????????????????????? | | ##### ##?????????????????????? | | ##??## ###??????????????????????? | | #??### ##??#####?????????????????? | | ##??########??# ??????????????????? | | ? ##???????????# ???????????????????? | | ?# #???????????# #???????????????????? | | ?# ##??????????# #???????????????????? | | ?# ##????????## #???????????????????? | | ## #???????## #???????????????????? | | # #????#### #???????????????????? | | # #???## #???????????????????? | | # ##?## #???????????????????? | | ?# ## ##???????????????????? | | ?# ## #????????????????????? | | ## ##### #????????????????????? | | # #???# #????????????????????? | | #????# ## ######????????????? | | # #????# ## # # #??????????? | | # #????# a@ a #??????????? | | ##### # ## #????#### ## #??????????? | | ????#?# #???????##a% #??#??????????? | | ??????# ####???????# #a #?????????????? | | ??????# #??????????# a ##?????????????? | | ??????# #??????????# aaa#??????????????? | | ??????# #?????????? ??????????????? | | ??????# #????????? % ??????????????? | | ?????? #???????? % ??????????????? | | ??????# #???????? ??????????????? | | ??????? ???????< ??????????????? | | ??????? ##??????# % a ??????????????? | | ??????? ????????#### ! #??????????????? | | ??????? ???????????# *##???????????????? | | ???????#????????????? ?????????????????? | | ?????????????????????? ?????????????????? | | ????????????????????????????????????????? | | ????????????????????????????????????????? | | ????????????????????????????????????????? | | ????????????????????????????????????????? | | ????????????????????????????????????????? | | ????????????????????????????????????????? | | ????????????????????????????????????????? | | ????????????????????????????????????????? | | ????????????????????????????????????????? | +----------------------------------------------------+ Best States ------------- Heat Dissipation 25 Energy Generation 12 Energy Capacity 265 Matter Stores 300 Matter Capacity 300 Sight Range 16 Terrain Scan Density 10 Resistance: KI 20 Resistance: TH 20 Resistance: EX 20 Resistance: EM 20 Resistance: I 20 Resistance: S 20 Resistance: P 20 Evasion (%) 40 Offensive Hacking 10 Item Schematics ----------------- None Robot Schematics ------------------ None Fabricated ------------ Nothing Repaired ---------- Nothing Alien Tech Used ----------------- None Achievements -------------- None Challenges ------------ None Game ------ Seed QuantumNanofilamentsWeb Manual? 0 Play Time 00:07:28 Cumulative 61.2 hours Start 2025.05.12 @ 15:43:07 End 2025.05.12 @ 15:48:28 Sessions 1 Manual Loads 0 Difficulty Adventurer Special Mode None Game No. 36 Rogue 0 Adventurer 36 Explorer 0 Win Type - Total 1 Types 1/0/0/0/0/0/0/0/0/0 Lore% 33 Gallery% 46 Achievement% 44 Wizard Run 0 Options --------- Layout 1 ASCII 0 Keyboard 0 Movement Mouse Keybinds 0 Fullscreen 1 Font 24/Smallcaps Map View 50x35 Zoom Use 0% Tactical HUD 1 Map Filters NONE Filters NONE Steam 1 RUN: 1bb3abe7-f912-4838-bf33-b3fc375d8878